 Dungeon Crawl Stone Soup version 0.32-a0-876-gcfddb08e57 (webtiles) character file.

Game seed: 499582672984832067

8712 Skryme the Grappler (level 11, -10/121 HPs)
             Began as a Djinni Shapeshifter on Mar 31, 2024.
             Was a Priest of Ashenzari.
             Killed from afar by an acid dragon (19 damage)
             ... with a splash of acid
             ... on level 10 of the Dungeon.
             The game lasted 00:29:46 (10640 turns).

Skryme the Grappler (Djinni Shapeshifter)          Turns: 10640, Time: 00:29:46

Health: -10/121    AC:  3    Str: 19    XL:     11   Next: 60%
Gold:   420        EV: 18    Int: 11    God:    Ashenzari [***...] SH:  5 Dex: 13

rFire   + +          +
                       - Unarmed
rCold   x . .        (no shield)
rNeg    + + .        Q - melded +0 troll leather armour
rPois   ∞            K - +0 helmet "Bound Sorrow" {Self, Range} (curse)
rElec   .            F - +1 cloak of the Oracular Portent {Bglg, Melee} (curse)
rCorr   .            (no gloves)
SInv    +            (boots unavailable)
Will    +....        D - amulet of Ashenzari's Vision {Reflect Rampage rN++ Str+4 Int-3 SH+5, Dev, Elem} (curse) Stlth
                     k - ring of protection from fire
HPRegen 0.40/turn    a - ring "Optimism of Ashenzari" {EV+5, Cun, Melee} (curse)
MPRegen 0.00/turn

%: reflection, clarity, rampage, infuse magic (-11 HP)
@: mighty, berserking, maw-form, flying, very slightly contaminated, very quick
A: devouring maw, flying, sickness immunity, fire resistance 2, cold
vulnerability 1, float, innate caster, HP casting, extra vitality 1, robust 1
a: Begin Untransformation, Renounce Religion, Curse Item, Shatter the Chains


You were on level 10 of the Dungeon.
You worshipped Ashenzari.
Ashenzari was most pleased with you.
You were a creature with a mouth for a stomach.
You visited 2 branches of the dungeon, and saw 11 of its levels.

You collected 500 gold pieces.
You spent 80 gold pieces at shops.

Inventory:

Hand Weapons
 b - a +0 scythe
 h - a +0 short sword
 p - a +2 vampiric whip
 q - a +0 heavy falchion
 z - a +1 dagger of electrocution
 C - a +0 morningstar
 E - a +0 halberd
 L - a +0 short sword of flaming
 M - a +1 dagger of venom
 R - a +1 halberd of venom
Missiles
 v - 26 poisoned darts (quivered)
 w - 18 boomerangs
 J - a throwing net
 T - 12 javelins
Armour
 f - a +0 ring mail
 g - a +0 plate armour
 i - a +0 chain mail
 F - the cursed +1 cloak of the Oracular Portent (worn) {Bglg, Melee}
   (You found it on level 5 of the Dungeon)

   It has a curse which improves the following skills: Beguiling: Hexes and
   Translocations.
   Melee Combat: Short Blades, Long Blades, Axes, Maces & Flails, Polearms,
   Staves and Unarmed Combat.
 K - the cursed +0 helmet "Bound Sorrow" (worn) {Self, Range}
   (You found it on level 7 of the Dungeon)

   It has a curse which improves the following skills: Introspection: Fighting
   and Spellcasting.
   Ranged Combat: Ranged Weapons and Throwing.
 N - +0 steam dragon scales
 Q - a +0 troll leather armour (melded)
 W - +0 acid dragon scales
Magical Staves
 l - a staff of air
Jewellery
 a - the cursed ring "Optimism of Ashenzari" (right hand) {EV+5, Cun, Melee}
   (You found it on level 6 of the Dungeon)

   [ring of evasion]

   EV+5:      It affects your evasion (+5).
   It has a curse which improves the following skills: Cunning: Dodging and
   Stealth.
   Melee Combat: Short Blades, Long Blades, Axes, Maces & Flails, Polearms,
   Staves and Unarmed Combat.
 k - a ring of protection from fire (left hand)
 D - the cursed amulet of Ashenzari's Vision (around neck) {Reflect Rampage rN++ Str+4 Int-3 SH+5, Dev, Elem}
   (You found it on level 5 of the Dungeon)

   [amulet of reflection]

   Reflect:   It reflects blocked missile attacks.
   Str+4:     It affects your strength (+4).
   Int-3:     It affects your intelligence (-3).
   rN++:      It greatly protects you from negative energy.
   SH+5:      It affects your SH (+5).
   Rampage:   It bestows one free step when moving towards enemies.
   It has a curse which improves the following skills: Devices: Evocations and
   Shapeshifting.
   Elements:  Fire Magic, Ice Magic, Air Magic and Earth Magic.
 I - a +6 ring of strength
 S - the amulet "Zeakomm" {Reflect Dex+4 SH+5}
   (You took it off an orc on level 8 of the Dungeon)

   [amulet of reflection]

   Reflect:   It reflects blocked missile attacks.
   Dex+4:     It affects your dexterity (+4).
   SH+5:      It affects your SH (+5).
Talismans
 c - a beast talisman
 d - a flux talisman
 O - a maw talisman (active)
Wands
 x - a wand of flame (22)
 y - a wand of quicksilver (8)
Scrolls
 j - a scroll of silence
 m - 6 scrolls of teleportation
 n - a scroll of enchant weapon
 A - 2 scrolls of revelation
 B - a scroll of poison
Potions
 e - a potion of brilliance
 o - a potion of berserk rage
 r - 3 potions of lignification
 u - a potion of might
 G - a potion of mutation
 H - a potion of haste
 P - a potion of enlightenment
 U - a potion of attraction
 V - 2 potions of ambrosia


   Skills:
 - Level 3.2(4.5) Fighting
 - Level 2.0 Armour
 + Level 4.0(5.4) Dodging
 + Level 10.2(12.4) Unarmed Combat
 + Level 7.2(8.8) Spellcasting
 + Level 7.2 Conjurations
 + Level 7.2(8.8) Hexes
   Level 0.0 Charms
 + Level 7.2 Summonings
 + Level 7.2 Necromancy
 + Level 7.2(8.8) Translocations
   Level 0.0 Transmutations
 + Level 7.2(8.8) Fire Magic
 + Level 7.2(8.8) Ice Magic
 + Level 7.2(8.8) Air Magic
 + Level 7.2(8.8) Earth Magic
 + Level 7.2 Alchemy
 + Level 8.7(10.2) Shapeshifting


You knew the following spells:

 Your Spells              Type           Power      Damage    Failure   Level
a - Magic Dart            Conj           80%        1d7       1%          1
b - Call Imp              Summ           40%        N/A       1%          2
c - Passwall              Erth           24%        N/A       1%          3
d - Tukima's Dance        Hex            24%        N/A       1%          3
e - Borgnjor's Vile Clut  Necr/Erth      11%        N/A       14%         5
Your spell library was empty.

Dungeon Overview and Level Annotations

Branches:
Dungeon (10/15)            Temple (1/1) D:4            Lair (0/5) D:10
    Orc (0/2) D:9

Altars:
Ashenzari
Cheibriados
Dithmenos
Elyvilon
Fedhas
Gozag
Hepliaklqana
Makhleb
Nemelex Xobeh
Okawaru
Qazlal
Ru
Trog
Uskayaw
Wu Jian
Xom
Yredelemnul
Zin
The Shining One

Shops:
D:3 !!*?   D:9 =

Annotations:
D:5 3 runed translucent doors, osoart's ghost, novice DgCj


Innate Abilities, Weirdness & Mutations

You are a creature with a mouth for a stomach.
Your midsection houses a second, enormous mouth.
You are flying.
You are immune to sickness and miasma.
You are immune to poison.
Your flesh is very heat resistant. (rF++)
You are vulnerable to cold. (rC-)
You float through the air rather than walking.
You learn spells naturally, not from books.
Your magical power is your life essence.
You have superior vitality. (+4 MHP)
You are robust. (+10% HP)


Message History

You barely miss the komodo dragon. You bite the komodo dragon.
The komodo dragon is moderately wounded.
You closely miss the komodo dragon. Your bite misses the komodo dragon.
The komodo dragon is moderately wounded.
The komodo dragon bites you!!
* * * LOW HITPOINT WARNING * * *
You punch the komodo dragon! Your bite misses the komodo dragon.
The komodo dragon is heavily wounded.
The komodo dragon barely misses you.
Unknown command.
Okay, then.
Unknown command.
As you read the scroll of fear, it crumbles to dust.
You assume a fearsome visage.
The komodo dragon looks frightened!
The acid dragon roars!
Okay, then.
Okay, then.
Okay, then.
Unknown command.
Casting: Passwall (safe; 1% risk of failure)
Confirm with . or Enter, or press ? or * to list all spells.
Aiming: Borgnjor's Vile Clutch (dangerous; 14% risk of failure)
Press: ? - help, Shift-Dir - straight line, f - acid dragon
Aim: an acid dragon (100% to hit)
You miscast Borgnjor's Vile Clutch.
You are very lightly contaminated with residual magic.
Nothing appears to happen.
* * * LOW HITPOINT WARNING * * *
You feel better.
You feel very mighty all of a sudden.
A red film seems to cover your vision as you go berserk!
You feel yourself moving faster!
You feel mighty! The acid dragon bites you!
* * * LOW HITPOINT WARNING * * *
The acid dragon barely misses you.
Unknown command.
You pummel the acid dragon!! You bite the acid dragon!
The acid dragon is almost dead.
The acid dragon spits acid at you. The splash of acid hits you!!
You die...

#........<# #...# #.........
#.........# #...# #.........
..........# #...# #.........
..........#####...# #.........
#.................###.........
..............................
..###....######...............
..# #....# #...............
..###....# #.WD......###....
.........# #...####..# ...#
.........# #...# #..# ...#
.÷.......# #...# #..###....#
.÷.......######...#
#.........#
..###.............#
#.......... )†#
#.............# #..###.....
)†###.............# #..# ....
.)..).............# #..# .....


You could see an acid dragon (catching breath).

Vanquished Creatures
  Maggie (D:10)
  A komodo dragon (D:10)
  2 trolls (D:10)
  A hornet (D:8)
  Sigmund (D:2)
  12 yaks
  2 steam dragons
  2 ynoxinuls (D:9)
  2 water moccasins
  3 sky beasts
  A black bear (D:8)
  6 orc warriors
  7 ice beasts
  An ogre (D:5)
  3 wolves (D:10)
  A phantom (D:5)
  2 kobold brigands
  2 bullfrogs
  2 scorpions (D:6)
  3 wights (D:7)
  10 killer bees
  6 howler monkeys
  An electric eel (D:9)
  A bombardier beetle (D:4)
  2 jellies (D:6)
  A quasit (D:5)
  3 hounds
  16 orc priests
  5 iguanas
  Ijyb (D:5)
  2 sleepcaps
  20 orc wizards
  3 gnolls (D:5)
  5 adders
  A shadow imp (D:7)
  15 ufetubi
  3 ribbon worms
  4 dart slugs
  62 orcs
  7 ball pythons
  A bat (D:2)
  3 endoplasms
  3 giant cockroaches
  5 goblins
  3 hobgoblins
  5 quokkas
  5 frilled lizards
  A goblin zombie (D:5)
  A hobgoblin zombie (D:5)
  11 kobolds
  2 kobold skeletons (D:5)
  A kobold zombie (D:5)
  2 orc skeletons (D:5)
  An orc zombie (D:5)
  7 rats
274 creatures vanquished.

Vanquished Creatures (others)
  A butterfly (D:9)
1 creature vanquished.

Grand Total: 275 creatures vanquished

Notes
Turn   | Place    | Note
-------+----------+-------------------------------------------
     0 | D:1      | Skryme the Djinni Shapeshifter began the quest for the Orb.
     0 | D:1      | Reached XP level 1. HP: 17/17 MP: 0/0
   148 | D:1      | Reached XP level 2. HP: 22/22 MP: 0/0
   541 | D:1      | Reached XP level 3. HP: 28/28 MP: 0/0
   541 | D:1      | Learned a level 1 spell: Magic Dart
  1061 | D:2      | Reached XP level 4. HP: 33/33 MP: 0/0
  1222 | D:2      | Found a glowing silver altar of Zin.
  1444 | D:2      | Noticed Sigmund
  1464 | D:2      | Killed Sigmund
  1465 | D:2      | Reached skill level 1 in Armour
  1465 | D:2      | Reached skill level 4 in Unarmed Combat
  1465 | D:2      | Reached skill level 1 in Spellcasting
  1465 | D:2      | Reached skill level 1 in Conjurations
  1465 | D:2      | Reached skill level 1 in Hexes
  1465 | D:2      | Reached skill level 1 in Summonings
  1465 | D:2      | Reached skill level 1 in Necromancy
  1465 | D:2      | Reached skill level 1 in Translocations
  1465 | D:2      | Reached skill level 1 in Fire Magic
  1465 | D:2      | Reached skill level 1 in Ice Magic
  1465 | D:2      | Reached skill level 1 in Air Magic
  1465 | D:2      | Reached skill level 1 in Earth Magic
  1465 | D:2      | Reached skill level 1 in Alchemy
  1465 | D:2      | Reached XP level 5. HP: 39/39 MP: 0/0
  1465 | D:2      | Learned a level 2 spell: Call Imp
  1465 | D:2      | Reached XP level 6. HP: 45/45 MP: 0/0
  1602 | D:3      | Found Atixtac's Assorted Antiques.
  1968 | D:3      | Found Qeussudum's Distillery.
  2003 | D:3      | Found Farhocs's Distillery.
  2072 | D:3      | Bought a potion of mutation for 80 gold pieces
  2072 | D:3      | Gained mutation: You are robust. (+10% HP) [potion of
                  | mutation]
  2191 | D:3      | Found Iffy's Magic Scroll Emporium.
  2587 | D:4      | Reached XP level 7. HP: 41/55 MP: 0/0
  2587 | D:4      | Learned a level 3 spell: Passwall
  2676 | D:4      | Found a hide-covered altar of Uskayaw.
  2722 | D:4      | Found a staircase to the Ecumenical Temple.
  2730 | Temple   | Entered the Ecumenical Temple
  2748 | Temple   | Became a worshipper of Ashenzari the Shackled
  2795 | D:4      | Found a hazy altar of Hepliaklqana.
  3202 | D:5      | Entered Level 5 of the Dungeon
  3204 | D:5      | Noticed Ijyb
  3209 | D:5      | Killed Ijyb
  3354 | D:5      | Found a runed translucent gate.
  3354 | D:5      | Found a runed translucent gate.
  3354 | D:5      | Found a runed translucent gate.
  3355 | D:5      | Noticed osoart's ghost (novice DgCj)
  3381 | D:5      | Identified the amulet "Ezos" {Reflect Rampage rN++ Str+4
                  | Int-3 SH+5}
  3523 | D:5      | Reached skill level 5 in Unarmed Combat
  3636 | D:5      | Found a glowing golden altar of the Shining One.
  3777 | D:5      | Reached XP level 8. HP: 15/61 MP: 0/0
  4651 | D:5      | Reached skill level 5 in Shapeshifting
  4675 | D:5      | Reached skill level 6 in Unarmed Combat
  5007 | D:6      | Reached XP level 9. HP: 34/67 MP: 0/0
  5007 | D:6      | Learned a level 3 spell: Tukima's Dance
  5237 | D:6      | Found a basalt altar of Yredelemnul.
  5538 | D:7      | Reached skill level 7 in Unarmed Combat
  5984 | D:7      | Reached skill level 5 in Spellcasting
  5984 | D:7      | Reached skill level 5 in Conjurations
  5984 | D:7      | Reached skill level 5 in Hexes
  5984 | D:7      | Reached skill level 5 in Summonings
  5984 | D:7      | Reached skill level 5 in Necromancy
  5984 | D:7      | Reached skill level 5 in Translocations
  5984 | D:7      | Reached skill level 5 in Fire Magic
  5984 | D:7      | Reached skill level 5 in Ice Magic
  5984 | D:7      | Reached skill level 5 in Air Magic
  5984 | D:7      | Reached skill level 5 in Earth Magic
  5984 | D:7      | Reached skill level 5 in Alchemy
  6045 | D:7      | Reached * piety under Ashenzari
  6528 | D:8      | Reached XP level 10. HP: 40/73 MP: 0/0
  6546 | D:8      | Reached skill level 8 in Unarmed Combat
  6574 | D:8      | Identified the cursed +1 cloak of the Oracular Portent
                  | {Bglg, Melee} (You found it on level 5 of the Dungeon)
  6574 | D:8      | Identified the cursed +0 helmet "Bound Sorrow" {Self,
                  | Range} (You found it on level 7 of the Dungeon)
  6729 | D:8      | Found a sacrificial altar of Ru.
  7274 | D:8      | Reached ** piety under Ashenzari
  7296 | D:8      | Found a bloodstained altar of Trog.
  7297 | D:8      | Identified the amulet "Zeakomm" {Reflect Dex+4 SH+5}
  7668 | D:9      | Reached skill level 9 in Unarmed Combat
  8572 | D:9      | Reached *** piety under Ashenzari
  8589 | D:9      | Found a white marble altar of Elyvilon.
  8721 | D:9      | Reached XP level 11. HP: 50/81 MP: 0/0
  8721 | D:9      | Learned a level 5 spell: Borgnjor's Vile Clutch
  9489 | D:9      | Found a staircase to the Orcish Mines.
  9721 | D:9      | Found Roimigazu's Jewellery Boutique.
  9870 | D:10     | Entered Level 10 of the Dungeon
  9904 | D:10     | Reached skill level 10 in Unarmed Combat
  9959 | D:10     | HP: 3/81 [wolf (7)]
 10269 | D:10     | Noticed Maggie
 10301 | D:10     | Killed Maggie
 10559 | D:10     | Found a staircase to the Lair.
 10611 | D:10     | HP: 1/81 [komodo dragon (28)]
 10640 | D:10     | Killed from afar by an acid dragon

Illustrated notes

Levels and vault maps discovered:
D:1:      lordsloth_arrival_two_stooges, layout_loops_ring, nrook_mini_backslash
D:2:      layout_basic, basic_altar, uniq_sigmund
D:3:      layout_loops_ring, serial_shops, nicolae_shop_statue_plus, shop,
          nicolae_shop_overgrown_old_shop, nicolae_diamond_shop
D:4:      layout_basic, mainiacjoe_overflow_tiny_flanked,
          nicolae_overflow_hidden_temple, minmay_temple_entry_wispy,
          serial_library_regret_index_small_wings
D:5:      layout_loops_cross, nicolae_tso_besieged_by_evil,
          gammafunk_ghost_necromancy, skrybe_limestone_x, uniq_ijyb
D:6:      layout_basic, mainiacjoe_overflow_boulevard
D:7:      layout_loops_cross
D:8:      layout_cave_pods, nicolae_ru_sacrificial_ziggurat, lemuel_tele_altar,
          nicolae_vehumet_radiance
D:9:      layout_rooms, nicolae_elyvilon_peaceful_grove, hiddenorc2_lemuel,
          serial_shops, shop, nicolae_fort_ynox
D:10:     layout_small_grid, hellmonk_lair_entry_icy,
          serial_library_hellmonk_angled_corner, minmay_lizard_king, uniq_maggie
Temple:   jpeg_temple_clearing

Skill      XL: |  1  2  3  4  5  6  7  8  9 10 11 |
---------------+----------------------------------+-----
Shapeshifting  | 3 4 5 6 7 8 |  8.7
Fighting       | 2 3 |  3.2
Armour         | 1 2 |  2.0
Unarmed Combat | 4 5 6 7 9 10 | 10.2
Spellcasting   | 1 2 3 5 6 7 |  7.2
Conjurations   | 1 2 3 5 6 7 |  7.2
Hexes          | 1 2 3 5 6 7 |  7.2
Summonings     | 1 2 3 5 6 7 |  7.2
Necromancy     | 1 2 3 5 6 7 |  7.2
Translocations | 1 2 3 5 6 7 |  7.2
Fire Magic     | 1 2 3 5 6 7 |  7.2
Ice Magic      | 1 2 3 5 6 7 |  7.2
Air Magic      | 1 2 3 5 6 7 |  7.2
Earth Magic    | 1 2 3 5 6 7 |  7.2
Alchemy        | 1 2 3 5 6 7 |  7.2
Dodging        | 4 |  4.0

Action                     |  1- 3 |  4- 6 |  7- 9 | 10-12 || total
---------------------------+-------+-------+-------+-------++-------
  Melee: Unarmed           |    70 |   153 |   328 |   508 ||  1059
         Punch             |     3 |     2 |     4 |     4 ||    13
         Maw               |       |       |       |    24 ||    24
 Invoke: Curse Item        |       |       |     2 |     2 ||     4
Ability: Begin Untransform |       |       |     2 |     1 ||     3
  Evoke: Wand              |       |       |     6 |       ||     6
    Use: Potion            |       |     2 |     1 |     6 ||     9
         Scroll            |       |     1 |     9 |     3 ||    13
 Armour: Ring mail         |    21 |       |       |       ||    21
         Chain mail        |    35 |   124 |    49 |       ||   208
         Skin              |       |     9 |   101 |   165 ||   275
  Dodge: Dodged            |    28 |    45 |   218 |   384 ||   675
  Block: Other             |       |       |    55 |    81 ||   136
   Form: Flux              |       |       |     2 |       ||     2
         Maw               |       |       |       |     1 ||     1

Table legend: (Time is in decaauts)
 A = Elapsed time spent in this place.
 B = Non-inter-level travel time spent in this place.
 C = Inter-level travel time spent in this place.
 D = Time resting spent in this place.
 E = Time spent auto-exploring this place.
 F = Levels seen in this place.
 G = Mean time per level.
                   A        B        C        D        E       F      G
               +--------+--------+--------+--------+--------+-----+--------+
         Total |  10491 |  10081 |    410 |   2462 |   5194 |  11 |  953.7 |
       Dungeon |  10455 |  10062 |    393 |   2462 |   5194 |  10 | 1045.5 |
        Temple |     36 |     19 |     17 |      0 |      0 |   1 |   36.0 |
               +--------+--------+--------+--------+--------+-----+--------+

Top non-repeatable levels by time:
     D:9: 1859 daAuts
     D:8: 1652 daAuts
     D:5: 1600 daAuts
     D:7: 941 daAuts
     D:2: 857 daAuts
     D:4: 850 daAuts
     D:3: 793 daAuts
     D:1: 694 daAuts
     D:6: 660 daAuts
    D:10: 544 daAuts
  Temple: 36 daAuts
